 Dungeon Crawl Stone Soup version 0.27-a0-1525-g1038ab4fd7 (webtiles) character file.

Game seed: 344648514527541496

4669 nyamberluvr69 the Fighter (level 10, -5/77 HPs)
             Began as an Octopode Berserker on July 11, 2021.
             Was an Elder of Trog.
             Slain by a yak (9 damage)
             ... on level 9 of the Dungeon.
             The game lasted 00:11:17 (10229 turns).

nyamberluvr69 the Fighter (Octopode Berserker)     Turns: 10229, Time: 00:11:18

Health: -5/77      AC:  1    Str: 21    XL:     10   Next: 44%
Magic:  10/10      EV: 14    Int:  9    God:    Trog [****..]
Gold:   505        SH:  5    Dex: 15    Spells: 9/9 levels left

rFire    . . .     SeeInvis +   E - +12 short sword of Intuition {venom, Str+4 SInv}
rCold    . . .     Faith    .   x - +0 buckler
rNeg     . . .     Spirit   .   (helmet restricted)
rPois    .         Reflect  .   (no amulet)
rElec    .         Harm     .   (no ring)
rCorr    .         Rampage  .   (no ring)
Will     ++...                  (no ring)
Stlth    ++........             (no ring)
HPRegen  1.22/turn              (no ring)
MPRegen  0.12/turn              (no ring)
                                (no ring)
                                (no ring)

@: strong-willed, on berserk cooldown, regenerating, slowed, very slow
A: almost no armour, amphibious, 8 rings, camouflage 1, gelatinous body 1,
(nimble swimmer 1), tentacles
a: Renounce Religion, Berserk, Trog's Hand, Brothers in Arms


You were on level 9 of the Dungeon.
You worshipped Trog.
Trog was greatly pleased with you.
You visited 1 branch of the dungeon, and saw 9 of its levels.

You collected 505 gold pieces.

Inventory:

Hand Weapons
 a - a +0 falchion
 p - a +3 long sword
 E - the +12 short sword of Intuition (weapon) {venom, Str+4 SInv}
   (You found it on level 9 of the Dungeon)

   It poisons the flesh of those it strikes.
   Str:       It affects your strength (+4).
   SInv:      It lets you see invisible.
Armour
 x - a +0 buckler (worn)
Jewellery
 u - an amulet of regeneration
 C - an amulet of guardian spirit
 G - a ring of wizardry
Wands
 r - a wand of digging (7)
 t - a wand of polymorph (3)
 v - a wand of flame (7)
Scrolls
 c - 3 scrolls of immolation {unknown}
 d - 4 scrolls of teleportation
 e - 3 scrolls of magic mapping {unknown}
 f - a scroll of vulnerability {unknown}
 i - 2 scrolls of amnesia {unknown}
 m - 6 scrolls of identify {unknown}
 q - 3 scrolls of enchant armour {unknown}
 w - 2 scrolls of fog {unknown}
 y - a scroll of brand weapon {unknown}
 D - a scroll of silence {unknown}
 F - a scroll of fear {unknown}
 H - a scroll of acquirement {unknown}
 I - 2 scrolls of enchant weapon {unknown}
Potions
 b - 2 potions of heal wounds {unknown}
 g - a potion of haste {unknown}
 h - 4 potions of curing {unknown}
 j - 3 potions of invisibility {unknown}
 k - a potion of magic {unknown}
 l - 2 potions of might {unknown}
 n - 5 potions of lignification {unknown}
 o - a potion of mutation {unknown}
 s - 2 potions of ambrosia {unknown}
 z - 2 potions of cancellation {unknown}
 A - a potion of berserk rage {unknown}
 B - a potion of brilliance {unknown}


   Skills:
 + Level 10.6 Fighting
 + Level 5.7(8.1) Short Blades
 - Level 8.9(9.6) Long Blades
 - Level 3.0 Dodging
 - Level 4.0 Shields


You had 9 spell levels left.
You didn't know any spells.
Your spell library was empty.

Dungeon Overview and Level Annotations

Branches:
Dungeon (9/15)             Temple (0/1) D:6            Lair (0/6) D:8
    Orc: D:9-12

Altars:
Hepliaklqana
Kikubaaqudgha
Makhleb
Okawaru
Beogh

Annotations:
D:8 3 runed translucent doors, Joseph; Zonian's ghost, novice GnCj


Innate Abilities, Weirdness & Mutations

You cannot wear most types of armour.
You are amphibious.
You can wear up to eight rings at the same time.
Your skin changes colour to match your surroundings (Stealth+).
Your rubbery body absorbs attacks. (AC +1, EV +1)
((You are camouflaged near water. (Stealth+)))
You have tentacles for arms and can constrict up to eight enemies at once.


Message History

You feel strong-willed.
The orc wizard hits you with a +0 dagger.
* * * LOW HITPOINT WARNING * * *
The orc wizard gestures wildly while chanting.
The orc wizard flickers and vanishes for a moment.
The orc wizard casts a spell at you. The puff of flame hits you!
* * * LOW HITPOINT WARNING * * *
The orc wizard barely misses you.
You puncture the orc wizard!
The orc wizard is poisoned.
Your grab misses the orc wizard.
The orc wizard is heavily wounded.
The orc wizard points at you and mumbles some strange words.
The magic dart hits you!
* * * LOW HITPOINT WARNING * * *
You hit the orc wizard but do no damage.
The orc wizard looks as sick as possible!
Your grab misses the orc wizard. You squeeze the orc wizard!
The orc wizard is almost dead.
You kill the orc wizard!
Trog accepts your kill.
Trog appreciates your killing of a magic user.
You feel the effects of Trog's Hand fading.
The yak gores you.
* * * LOW HITPOINT WARNING * * *
Okay, then.
Okay, then.
Unknown command.
Okay, then.
The orc barely misses you. The yak gores you!
* * * LOW HITPOINT WARNING * * *
Your skin stops crawling.
You feel less strong-willed.
There is a stone staircase leading up here.
Okay, then.
Unknown command.
Your skin crawls.
You feel strong-willed. Trog will no longer gift you weapons.
The yak misses you. You block the orc's attack. The yak gores you!
You die...

#####.# # ###.....# #
##.#.###### #
######....)....######
..........####.#.. ..
####.....## #.#(###.
##.......###Y#.##..
#.oo......##.o.oY..
##@Y......####.##o.
##.....#.# #.###)
##...##.# #.# ##
##.###.# #.# ### #.#
#.# #.# #.# #.# #).
... #..


You could see a yak and 2 orcs.

Vanquished Creatures
  A tengu conjurer (D:8)
  2 wyverns (D:7)
  8 yaks
  Eustachio (D:4)
  Menkaure (D:5)
  2 water moccasins
  Duvessa (D:6)
  An ice beast (D:5)
  An orc warrior (D:8)
  A sky beast (D:7)
  A necrophage (D:7)
  2 centaurs
  A kobold brigand (D:7)
  A phantom (D:7)
  Blork the orc (D:4)
  3 bullfrogs
  A scorpion (D:7)
  A water moccasin zombie (D:6)
  Dowan (D:6)
  A wyvern skeleton (D:7)
  8 wights
  3 centaur zombies (D:9)
  3 howler monkeys (D:9)
  2 orc priests (D:3)
  A hound (D:3)
  2 jellies
  A human zombie (D:9)
  2 bullfrog skeletons
  2 iguanas (D:5)
  Ijyb (D:4)
  5 orc wizards
  2 killer bee zombies
  3 mummies (D:9)
  A howler monkey zombie (D:9)
  10 adders
  3 gnolls (D:3)
  An ufetubus (D:5)
  An adder skeleton (D:4)
  2 worms
  A dart slug (D:4)
  24 orcs
  5 ball pythons
  5 bats
  7 endoplasms
  5 giant cockroaches
  6 hobgoblins
  4 jackals (D:2)
  2 quokkas
  3 frilled lizards
  8 goblins
  12 kobolds
  7 rats
174 creatures vanquished.

Vanquished Creatures (others)
  5 fungi (D:8)
  4 plants (D:8)
9 creatures vanquished.

Grand Total: 183 creatures vanquished

Notes
Turn   | Place    | Note
-------+----------+-------------------------------------------
     0 | D:1      | nyamberluvr69 the Octopode Berserker began the quest for
                  | the Orb.
     0 | D:1      | Reached XP level 1. HP: 16/16 MP: 1/1
   125 | D:1      | Reached XP level 2. HP: 14/21 MP: 2/2
   670 | D:2      | Reached XP level 3. HP: 21/26 MP: 3/3
   772 | D:2      | Reached ** piety under Trog
  1066 | D:2      | Reached skill level 4 in Fighting
  1066 | D:2      | Reached XP level 4. HP: 33/33 MP: 4/4
  1650 | D:3      | Reached XP level 5. HP: 38/38 MP: 5/5
  1714 | D:3      | Found an iron altar of Okawaru.
  2430 | D:3      | Reached skill level 5 in Fighting
  2430 | D:3      | Reached skill level 5 in Long Blades
  2433 | D:3      | Reached XP level 6. HP: 30/45 MP: 6/6
  2901 | D:4      | Noticed Blork the orc
  2909 | D:4      | Killed Blork the orc
  3044 | D:4      | Reached *** piety under Trog
  3169 | D:4      | Noticed Eustachio
  3183 | D:4      | Killed Eustachio
  3184 | D:4      | Reached skill level 6 in Fighting
  3184 | D:4      | Reached XP level 7. HP: 41/52 MP: 7/7
  3648 | D:4      | Noticed Ijyb
  3655 | D:4      | Killed Ijyb
  3855 | D:5      | Entered Level 5 of the Dungeon
  4074 | D:5      | Noticed Menkaure
  4080 | D:5      | Killed Menkaure
  4989 | D:5      | Reached XP level 8. HP: 58/58 MP: 8/8
  5539 | D:5      | Reached skill level 1 in Shields
  5992 | D:6      | Noticed Duvessa
  5992 | D:6      | Noticed Dowan
  5997 | D:6      | Killed Duvessa
  6004 | D:6      | Killed Dowan
  6716 | D:6      | Found a staircase to the Ecumenical Temple.
  7066 | D:6      | Found a hazy altar of Hepliaklqana.
  7140 | D:7      | Noticed a wyvern
  7148 | D:7      | Killed a wyvern
  7149 | D:7      | Reached skill level 7 in Fighting
  7683 | D:7      | Noticed a wyvern
  7692 | D:7      | Killed a wyvern
  7692 | D:7      | Reached **** piety under Trog
  7693 | D:7      | Reached skill level 8 in Fighting
  7693 | D:7      | Reached XP level 9. HP: 11/66 MP: 9/9
  8148 | D:7      | Found a burning altar of Makhleb.
  8201 | D:7      | You fall into a shaft and drop 2 floors!
  8251 | D:9      | Found an ancient bone altar of Kikubaaqudgha.
  8572 | D:9      | Identified the +12 short sword of Intuition {venom, Str+4
                  | SInv}
  8666 | D:9      | Reached skill level 9 in Fighting
  8666 | D:9      | Reached skill level 1 in Short Blades
  8958 | D:8      | Reached XP level 10. HP: 75/75 MP: 10/10
  9351 | D:8      | Reached skill level 10 in Fighting
  9378 | D:8      | Found a runed translucent gate.
  9380 | D:8      | Found a runed translucent gate.
  9381 | D:8      | Found a runed translucent gate.
  9381 | D:8      | Noticed Zonian's ghost (novice GnCj)
  9443 | D:8      | Identified the +7 chain mail of Roamnosu {Regen+ Str+9
                  | Int-2 Dex-4}
  9462 | D:8      | Noticed Joseph
  9610 | D:8      | Found a staircase to the Lair.
 10063 | D:9      | Reached skill level 5 in Short Blades
 10205 | D:9      | Reached ***** piety under Trog
 10227 | D:9      | HP: 2/77 [yak (10)]
 10229 | D:9      | Slain by a yak

Illustrated notes

Levels and vault maps discovered:
D:1:      wander_arrival_chamber, layout_rooms, minivault_24
D:2:      layout_rooms, kennysheep_generic_room_9
D:3:      layout_rooms, mainiacjoe_overflow_six_doors_small, st_stairs_1,
          kennysheep_minor_cross, minmay_misc_feat_tiny
D:4:      layout_loops_ring, uniq_blork_the_orc, uniq_ijyb, uniq_eustachio
D:5:      layout_basic, chequers_serial_rivers_small_3, kennysheep_boxes,
          uniq_menkaure
D:6:      layout_basic, overflow_temple_1_default, minmay_temple_entry_fiery,
          uniq_duvessa
D:7:      layout_basic, nicolae_overflow_hidden_temple
D:8:      layout_basic, dpeg_oklobed_lair, biasface_ghost_orc_armoury,
          uniq_joseph
D:9:      layout_loops_ring, marbit_many_paths,
          lemuel_mausoleum_altar_kikubaaqudgha

Skill      XL: |  1  2  3  4  5  6  7  8  9 10 |
---------------+-------------------------------+-----
Fighting       | 4 5 6 8 9 10 | 10.6
Long Blades    | 4 5 6 8 |  8.9
Shields        | 4 |  4.0
Short Blades   | 3 5 |  5.7
Dodging        | |  3.0

Action                   |  1- 3 |  4- 6 |  7- 9 | 10-12 || total
-------------------------+-------+-------+-------+-------++-------
Melee: Falchion          |    57 |   100 |       |       ||   157
       Constrict         |    16 |    35 |    32 |     8 ||    91
       Tentacles         |     7 |    30 |    37 |    12 ||    86
       Long sword        |       |       |   136 |       ||   136
       Short sword       |       |       |    26 |    42 ||    68
Invok: Berserk           |     3 |     6 |     8 |     3 ||    20
       Trog's Hand       |       |     1 |       |     4 ||     5
  Use: Scroll            |       |       |       |     1 ||     1
 Stab: Sleeping          |     1 |     4 |     9 |     2 ||    16
Armor: Skin              |     6 |     4 |     6 |     1 ||    17
Dodge: Dodged            |    57 |    53 |    64 |    30 ||   204
Block: Buckler           |       |       |    18 |     9 ||    27
       Rpst.: Falchion   |    19 |    11 |       |       ||    30
       Long sword        |       |       |    17 |       ||    17

Table legend: (Time is in decaauts)
 A = Elapsed time spent in this place.
 B = Non-inter-level travel time spent in this place.
 C = Inter-level travel time spent in this place.
 D = Time resting spent in this place.
 E = Time spent auto-exploring this place.
 F = Levels seen in this place.
 G = Mean time per level.
                   A        B        C        D        E       F      G
               +--------+--------+--------+--------+--------+-----+--------+
         Total |  10401 |  10117 |    284 |   2962 |   6096 |   9 | 1155.7 |
       Dungeon |  10401 |  10117 |    284 |   2962 |   6096 |   9 | 1155.7 |
               +--------+--------+--------+--------+--------+-----+--------+

Top non-repeatable levels by time:
     D:5: 2149 daAuts
     D:3: 1582 daAuts
     D:7: 1392 daAuts
     D:6: 1123 daAuts
     D:8: 988 daAuts
     D:4: 978 daAuts
     D:9: 795 daAuts
     D:2: 717 daAuts
     D:1: 674 daAuts
